PCL
SPOKANE TRAPPERS @ ALBUQUERQUE ISOTOPES
04/12/2023
 
TOP OF THE 1ST
Spokane Trappers batting - Pitching for Albuquerque Isotopes : RHP Teruo Sato
Pitching: RHP Teruo Sato
Batting: RHB Pedro Guzmán 0-0: Called Strike
0-1: Ground out 6-3 (Groundball, 6M)
Batting: SHB António Hinojosa 0-0: Ball
1-0: Ball
2-0: Called Strike
2-1: Called Strike
2-2: Foul Ball, location: 2F
2-2: Ground out U3 (Groundball, 3)
Batting: RHB Félix Tremblay 0-0: Ball
1-0: Ball
2-0: Swinging Strike
2-1: Called Strike
2-2: Foul Ball, location: 2F
2-2: Fly out, F4 (Popup, 9LS)
Top of the 1st over - 0 run(s), 0 hit(s), 0 error(s), 0 left on base; Spokane 0 - Albuquerque 0
BOTTOM OF THE 1ST
Albuquerque Isotopes batting - Pitching for Spokane Trappers : RHP Marcos Rivera
Pitching: RHP Marcos Rivera
Batting: RHB José Bautista 0-0: Foul Ball, location: 2F
0-1: Fly out, F9 (Flyball, 9M)
Batting: RHB Chris Terry 0-0: Ball
1-0: Ball
2-0: Ball
3-0: Called Strike
3-1: Foul Ball, location: 2F
3-2: Fly out, F3 (Popup, 23F)
Batting: LHB Manny Mejía 0-0: Foul Ball, location: 2F
0-1: Ground out 4-3 (Groundball, 4)
Bottom of the 1st over - 0 run(s), 0 hit(s), 0 error(s), 0 left on base; Spokane 0 - Albuquerque 0
TOP OF THE 2ND
Spokane Trappers batting - Pitching for Albuquerque Isotopes : RHP Teruo Sato
Batting: LHB Fernando Pérez 0-0: Ball
1-0: Ball
2-0: Ball
3-0: Called Strike
3-1: Ground out U3 (Groundball, 3)
Batting: RHB John Craig 0-0: Ground out 4-3 (Groundball, 4)
Batting: RHB Hyo-sang Yu 0-0: Foul Ball, location: 2F
0-1: Ball
1-1: Swinging Strike
1-2: Ball
2-2: Ground out 5-3 (Groundball, 56)
Top of the 2nd over - 0 run(s), 0 hit(s), 0 error(s), 0 left on base; Spokane 0 - Albuquerque 0
BOTTOM OF THE 2ND
Albuquerque Isotopes batting - Pitching for Spokane Trappers : RHP Marcos Rivera
Batting: RHB Sze Qi 0-0: Ball
1-0: Swinging Strike
1-1: Swinging Strike
1-2: Strikes out swinging
Batting: RHB Edward Young 0-0: Called Strike
0-1: Reached on error, E6 (Groundball, 6M)
Batting: LHB A.J. Major 0-0: Ball
1-0: Called Strike
1-1: Ball
2-1: Swinging Strike
2-2: Foul Ball, location: 2F
2-2: SINGLE (Line Drive, 6MD)
Edward Young to second
Batting: LHB Pedro Vega 0-0: Ball
1-0: Ball
2-0: Called Strike
2-1: Ball
3-1: Called Strike
3-2: Foul Ball, location: 2F
3-2: Foul Ball, location: 2F
3-2: Base on Balls
Edward Young to third
A.J. Major to second
Batting: SHB José Sosa 0-0: Called Strike
0-1: Ball
1-1: Grounds into fielders choice 1-2 (Groundball, 13S)
A.J. Major to third
Pedro Vega to second
Batting: RHB Luis Martínez 0-0: Foul Ball, location: 2F
0-1: Ball
1-1: DOUBLE (Line Drive, 7LD)
A.J. Major scores
Pedro Vega scores
José Sosa to third
Runner from 3rd tries for Home, SAFE, no throw or cutoff
Batting: RHB José Bautista 0-0: Called Strike
0-1: Called Strike
0-2: Ball
1-2: Ground out 5-3 (Groundball, 5)
Bottom of the 2nd over - 3 run(s), 2 hit(s), 1 error(s), 1 left on base; Spokane 0 - Albuquerque 3
TOP OF THE 3RD
Spokane Trappers batting - Pitching for Albuquerque Isotopes : RHP Teruo Sato
Batting: RHB Toru Nakanishi 0-0: Ball
1-0: Swinging Strike
1-1: Ground out 6-3 (Groundball, 6S)
Batting: RHB Ernesto Acosta 0-0: Called Strike
0-1: Swinging Strike
0-2: Ball
1-2: Ball
2-2: Ball
3-2: Foul Ball, location: 2F
3-2: Ground out 6-3 (Groundball, 6)
Batting: RHB Carmelo Hernández 0-0: Ball
1-0: Ground out 6-3 (Groundball, 6)
Top of the 3rd over - 0 run(s), 0 hit(s), 0 error(s), 0 left on base; Spokane 0 - Albuquerque 3
BOTTOM OF THE 3RD
Albuquerque Isotopes batting - Pitching for Spokane Trappers : RHP Marcos Rivera
Batting: RHB Chris Terry 0-0: Called Strike
0-1: Ball
1-1: Ball
2-1: Ball
3-1: Foul Ball, location: 2F
3-2: Base on Balls
Batting: LHB Manny Mejía 0-0: Ball
1-0: DOUBLE (Line Drive, 89XD)
Chris Terry to third
Batting: RHB Sze Qi 0-0: Called Strike
0-1: Called Strike
0-2: Ball
1-2: Foul Ball, location: 2F
1-2: Ball
2-2: Foul Ball, location: 2F
2-2: Strikes out looking
Batting: RHB Edward Young 0-0: Ball
1-0: Ball
2-0: Ball
3-0: Called Strike
3-1: Base on Balls
Batting: LHB A.J. Major 0-0: Called Strike
0-1: DOUBLE (Line Drive, 7LM)
Chris Terry scores
Manny Mejía scores
Edward Young to third
Runner from 3rd tries for Home, SAFE, no throw or cutoff
Batting: LHB Pedro Vega 0-0: Ball
A.J. Major steals 3rd base
1-0: Ball
2-0: Ball
3-0: Called Strike
3-1: Base on Balls
Batting: SHB José Sosa 0-0: Ball
1-0: Ball
2-0: Ball
3-0: Base on Balls
Pedro Vega to second
Batting: RHB Luis Martínez 0-0: Swinging Strike
0-1: Called Strike
0-2: Strikes out swinging
Batting: RHB José Bautista 0-0: Fly out, F3 (Popup, 3D)
Bottom of the 3rd over - 3 run(s), 2 hit(s), 0 error(s), 3 left on base; Spokane 0 - Albuquerque 6
TOP OF THE 4TH
Spokane Trappers batting - Pitching for Albuquerque Isotopes : RHP Teruo Sato
Batting: RHB Pedro Guzmán 0-0: Ball
1-0: Called Strike
1-1: Ball
2-1: Called Strike
2-2: Ground out 4-3 (Groundball, 4M)
Batting: SHB António Hinojosa 0-0: Called Strike
0-1: Ball
1-1: SINGLE (Line Drive, 34D)
Batting: RHB Félix Tremblay 0-0: Ball
1-0: Called Strike
1-1: Ball
2-1: Called Strike
2-2: Foul Ball, location: 2F
2-2: Foul Ball, location: 2F
2-2: Foul Ball, location: 2F
2-2: Foul Ball, location: 2F
2-2: Foul Ball, location: 2F
2-2: Ball
3-2: Strikes out swinging
Batting: LHB Fernando Pérez 0-0: Ball
1-0: Called Strike
1-1: SINGLE (Groundball, 2R) (infield hit)
António Hinojosa to second
Batting: RHB John Craig 0-0: Ball
1-0: Called Strike
1-1: Ball
2-1: Ball
3-1: Fielders Choice at 2nd, 6-4 (Groundball, 4M)
Top of the 4th over - 0 run(s), 2 hit(s), 0 error(s), 1 left on base; Spokane 0 - Albuquerque 6
BOTTOM OF THE 4TH
Albuquerque Isotopes batting - Pitching for Spokane Trappers : RHP Marcos Rivera
Batting: RHB Chris Terry 0-0: Ball
1-0: Foul Ball, location: 2F
1-1: Ball
2-1: Ball
3-1: Base on Balls
Batting: LHB Manny Mejía 0-0: Called Strike
0-1: Ball
1-1: Called Strike
1-2: Ball
2-2: Grounds into double play, U4-3 (Groundball, 4M)
Batting: RHB Sze Qi 0-0: Foul Ball, location: 2F
0-1: Ball
1-1: Ball
2-1: Ball
3-1: Base on Balls
Pitching: RHP Jacob Miller
Batting: RHB Edward Young 0-0: Ball
1-0: SINGLE (Groundball, 6MD)
Sze Qi to second
Batting: LHB A.J. Major 0-0: Foul Ball, location: 2F
0-1: Foul Ball, location: 2F
0-2: Ball
1-2: Reached on error, E6 (Groundball, 6M)
Sze Qi to third
Edward Young to second
Batting: LHB Pedro Vega 0-0: Called Strike
0-1: Ball
1-1: Ball
2-1: Foul Ball, location: 2F
2-2: Ball
3-2: Foul Ball, location: 2F
3-2: Foul Ball, location: 2F
3-2: Foul Ball, location: 2F
3-2: Foul Ball, location: 2F
3-2: Foul Ball, location: 2F
3-2: Base on Balls
Sze Qi scores
Edward Young to third
A.J. Major to second
Batting: SHB José Sosa 0-0: Ball
1-0: Ball
2-0: Ball
3-0: Base on Balls
Edward Young scores
A.J. Major to third
Pedro Vega to second
Batting: RHB Luis Martínez 0-0: Ball
1-0: Called Strike
1-1: Ball
2-1: Ball
3-1: Base on Balls
A.J. Major scores
Pedro Vega to third
José Sosa to second
Batting: RHB José Bautista 0-0: Called Strike
0-1: Called Strike
0-2: Strikes out swinging
Bottom of the 4th over - 3 run(s), 1 hit(s), 1 error(s), 3 left on base; Spokane 0 - Albuquerque 9
TOP OF THE 5TH
Spokane Trappers batting - Pitching for Albuquerque Isotopes : RHP Teruo Sato
Batting: RHB Hyo-sang Yu 0-0: Ball
1-0: Ball
2-0: Called Strike
2-1: Fly out, F7 (Flyball, 7M)
Batting: RHB Toru Nakanishi 0-0: Ball
1-0: Bunted foul
1-1: Foul Ball, location: 2F
1-2: SOLO HOME RUN (Flyball, 8LXD), Distance : 420 ft
Pitching: RHP Unissa Hondo
Batting: RHB Ernesto Acosta 0-0: Swinging Strike
0-1: Ball
1-1: Ball
2-1: SINGLE (Groundball, 6MD)
Batting: RHB Carmelo Hernández 0-0: Ball
1-0: Fly out, F6 (Popup, 5DF)
Batting: RHB Pedro Guzmán 0-0: Called Strike
0-1: Ground out 5-3 (Groundball, 5S)
Top of the 5th over - 1 run(s), 2 hit(s), 0 error(s), 1 left on base; Spokane 1 - Albuquerque 9
BOTTOM OF THE 5TH
Albuquerque Isotopes batting - Pitching for Spokane Trappers : RHP Jacob Miller
Batting: RHB Chris Terry 0-0: Ball
1-0: Foul Ball, location: 2F
1-1: Swinging Strike
1-2: Foul Ball, location: 2F
1-2: Strikes out looking
Batting: LHB Manny Mejía 0-0: Fly out, F8 (Popup, 8LS)
Batting: RHB Sze Qi 0-0: Called Strike
0-1: Called Strike
0-2: Ball
1-2: Foul Ball, location: 2F
1-2: Strikes out looking
Bottom of the 5th over - 0 run(s), 0 hit(s), 0 error(s), 0 left on base; Spokane 1 - Albuquerque 9
TOP OF THE 6TH
Spokane Trappers batting - Pitching for Albuquerque Isotopes : RHP Unissa Hondo
Batting: SHB António Hinojosa 0-0: Swinging Strike
0-1: Fly out, F8 (Flyball, 78M)
Batting: RHB Félix Tremblay 0-0: Swinging Strike
0-1: Ball
1-1: Swinging Strike
1-2: Strikes out swinging
Batting: LHB Fernando Pérez 0-0: Ground out 4-3 (Groundball, 4)
Top of the 6th over - 0 run(s), 0 hit(s), 0 error(s), 0 left on base; Spokane 1 - Albuquerque 9
BOTTOM OF THE 6TH
Albuquerque Isotopes batting - Pitching for Spokane Trappers : RHP Jacob Miller
Pitching: RHP Edgardo Martínez
Batting: RHB Edward Young 0-0: Ball
1-0: Foul Ball, location: 2F
1-1: Ball
2-1: Foul Ball, location: 2F
2-2: Ball
3-2: Strikes out swinging
Batting: LHB A.J. Major 0-0: Ball
1-0: Called Strike
1-1: Ball
2-1: Fly out, F5 (Popup, 5F)
Batting: LHB Pedro Vega 0-0: Foul Ball, location: 2F
0-1: Ball
1-1: Called Strike
1-2: Strikes out swinging
Bottom of the 6th over - 0 run(s), 0 hit(s), 0 error(s), 0 left on base; Spokane 1 - Albuquerque 9
TOP OF THE 7TH
Spokane Trappers batting - Pitching for Albuquerque Isotopes : RHP Unissa Hondo
Batting: RHB John Craig 0-0: SINGLE (Line Drive, 89S)
Batting: RHB Hyo-sang Yu 0-0: Called Strike
0-1: Fielders Choice at 2nd, 4-6 (Groundball, 34)
Pitching: RHP Pepe Hernández
Batting: RHB Toru Nakanishi 0-0: Swinging Strike
0-1: Ball
1-1: Grounds into double play, 6-4-3 (Groundball, 6)
Top of the 7th over - 0 run(s), 1 hit(s), 0 error(s), 0 left on base; Spokane 1 - Albuquerque 9
BOTTOM OF THE 7TH
Albuquerque Isotopes batting - Pitching for Spokane Trappers : RHP Edgardo Martínez
Batting: SHB José Sosa 0-0: Fly out, F7 (Flyball, 78M)
Batting: RHB Luis Martínez 0-0: Called Strike
0-1: Ball
1-1: Ball
2-1: SINGLE (Groundball, 6M)
Batting: RHB José Bautista 0-0: Foul Ball, location: 2F
0-1: Ball
1-1: Foul Ball, location: 2F
1-2: Foul Ball, location: 2F
1-2: Ball
2-2: Strikes out looking
Batting: RHB Chris Terry 0-0: Called Strike
0-1: Swinging Strike
0-2: Ball
1-2: Foul Ball, location: 2F
1-2: Strikes out swinging
Bottom of the 7th over - 0 run(s), 1 hit(s), 0 error(s), 1 left on base; Spokane 1 - Albuquerque 9
TOP OF THE 8TH
Spokane Trappers batting - Pitching for Albuquerque Isotopes : RHP Pepe Hernández
Batting: RHB Ernesto Acosta 0-0: Ground out 6-3 (Groundball, 6)
Batting: RHB Carmelo Hernández 0-0: Called Strike
0-1: Foul Ball, location: 2F
0-2: Ball
1-2: SINGLE (Groundball, 34D)
Batting: RHB Pedro Guzmán 0-0: Ball
1-0: Ball
2-0: Ball
3-0: Called Strike
3-1: Fly out, F3 (Popup, 4MS)
Batting: SHB António Hinojosa 0-0: Ball
1-0: Foul Ball, location: 2F
1-1: Ball
2-1: Swinging Strike
2-2: Foul Ball, location: 2F
2-2: Ball
3-2: Strikes out swinging
Top of the 8th over - 0 run(s), 1 hit(s), 0 error(s), 1 left on base; Spokane 1 - Albuquerque 9
BOTTOM OF THE 8TH
Albuquerque Isotopes batting - Pitching for Spokane Trappers : RHP Edgardo Martínez
Pitching: RHP José Navarro
Batting: LHB Manny Mejía 0-0: Called Strike
0-1: Ball
1-1: Ball
2-1: Ground out 1-3 (Groundball, 13)
Batting: RHB Sze Qi 0-0: Ball
1-0: Called Strike
1-1: Foul Ball, location: 2F
1-2: Foul Ball, location: 2F
1-2: Ball
2-2: Ball
3-2: Base on Balls
Batting: RHB Edward Young 0-0: Called Strike
0-1: Foul Ball, location: 2F
0-2: Strikes out swinging
Batting: LHB A.J. Major 0-0: Ball
1-0: Called Strike
1-1: Ball
2-1: Fielders Choice at 2nd, 6-4 (Groundball, 6)
Bottom of the 8th over - 0 run(s), 0 hit(s), 0 error(s), 0 left on base; Spokane 1 - Albuquerque 9
TOP OF THE 9TH
Spokane Trappers batting - Pitching for Albuquerque Isotopes : RHP Pepe Hernández
Batting: RHB Félix Tremblay 0-0: Ball
1-0: Swinging Strike
1-1: Ground out 6-3 (Groundball, 56)
Batting: LHB Fernando Pérez 0-0: Called Strike
0-1: Ball
1-1: Foul Ball, location: 2F
1-2: Ball
2-2: Strikes out swinging
Batting: RHB John Craig 0-0: SINGLE (Groundball, 6M) (infield hit)
Batting: RHB Hyo-sang Yu 0-0: Foul Ball, location: 2F
0-1: Ball
1-1: Ball
2-1: Ball
3-1: Foul Ball, location: 2F
3-2: Base on Balls
John Craig to second
Batting: RHB Toru Nakanishi 0-0: Ball
1-0: Fielders Choice at 2nd, U6 (Groundball, 6M)
Top of the 9th over - 0 run(s), 1 hit(s), 0 error(s), 2 left on base; Spokane 1 - Albuquerque 9
This league is powered by Out of the Park Baseball, the baseball management simulation game for PC, Mac and Linux
Wednesday, December 2nd, 2015 - OOTP Baseball 16.8 Build 38